 Dungeon Crawl Stone Soup version 0.19.1 (webtiles) character file.

71 Peloso the Covered (level 4, -2/31 HPs)
             Began as a Halfling Fighter on Nov 25, 2016.
             Slain by a hobgoblin
             ... wielding a +0 club
             ... led by Robin
              (4 damage)
             ... on level 2 of the Dungeon.
             The game lasted 00:03:56 (1411 turns).

Peloso the Covered (Halfling Fighter)               Turns: 1411, Time: 00:03:57

Health: -2/31      AC:  7    Str: 18    XL:     4   Next: 47%
Magic:  4/4        EV:  9    Int:  6    God:
Gold:   66         SH:  9    Dex: 13    Spells: 0 memorised, 3 levels left

rFire  . . .     SeeInvis .     a - +0 long sword
rCold  . . .     Gourm    .     b - +0 scale mail
rNeg   . . .     Faith    .     c - +0 shield
rPois  .         Spirit   .     (no helmet)
rElec  .         Reflect  .     (no cloak)
rCorr  .         Harm     .     (no gloves)
MR     .....                    (no boots)
Stlth  ..........               (no amulet)
                                (no ring)
                                (no ring)

@: no status effects
A: mutation resistance 1
a: no special abilities


You were on level 2 of the Dungeon.
You were hungry.

You visited 1 branch of the dungeon, and saw 2 of its levels.

You collected 66 gold pieces.

Inventory:

Hand Weapons
 a - a +0 long sword (weapon)
Armour
 b - a +0 scale mail (worn)
 c - a +0 shield (worn)
Scrolls
 h - 2 scrolls of amnesia {unknown}
 i - a scroll of magic mapping {unknown}
 j - a scroll of identify {unknown}
 k - 2 scrolls of teleportation {unknown}
 l - 2 scrolls of remove curse {unknown}
Potions
 d - a potion of might
 e - a potion of beneficial mutation {unknown}
 m - a potion of curing {unknown}
 n - a potion of flight {unknown}
 r - a potion of ambrosia {unknown}
 s - a potion of mutation {unknown}
Comestibles
 f - 2 bread rations
 g - a fruit
 o - a royal jelly
 p - a meat ration
 q - a beef jerky
 t - 5 chunks of flesh


   Skills:
 + Level 3.0 Fighting
 + Level 3.4 Long Blades
 + Level 3.7 Armour
 + Level 0.4 Dodging
 + Level 3.5 Shields


You had 3 spell levels left.
You didn't know any spells.

Dungeon Overview and Level Annotations

Branches:
Dungeon (2/15)

Altars:
Qazlal
Uskayaw


Innate Abilities, Weirdness & Mutations

You are small and have problems with some larger weapons.
You are somewhat resistant to further mutation.


Message History

You barely miss Robin.
Robin is almost dead.
Robin completely misses you.
You riposte.
You hit Robin.
Robin is almost dead.
You hit Robin.
You kill Robin!
Your Fighting skill increases to level 3!
You hit the hobgoblin but do no damage. The hobgoblin hits you with a club.
* * * LOW HITPOINT WARNING * * *
You closely miss the hobgoblin. You block the hobgoblin's attack. x2
You closely miss the hobgoblin. The hobgoblin closely misses you.
You riposte.
You completely miss the hobgoblin. You hit the hobgoblin but do no damage.
You block the hobgoblin's attack.
You hit the hobgoblin.
The hobgoblin is almost dead.
The hobgoblin hits you but does no damage.
You barely miss the hobgoblin.
The hobgoblin is almost dead.
The hobgoblin hits you with a club.
You die...

##..## .#. #.# #..# #. #.#
##..# . #.###.## #######...#
#. #.#.... #.........# #..
#.....# #.###.#...##
#...#.....# #.# #......###
#.........#####.###.........
..........g@............<...
#######.)#######..#.....##..
#..# #..#......... #..#
#..#..#.#.#.#
#######..#######..##........
......#..#........##.#.#.#.#
......#..#........##........
......#..#........##.#.#.#.#
$.....#..#........##........


You could see a hobgoblin.

Vanquished Creatures
  Robin (D:2)
  A dart slug (D:1)
  2 leopard geckos (D:1)
  5 bats
  3 giant cockroaches (D:1)
  4 hobgoblins
  9 jackals (D:1)
  7 kobolds
  14 goblins
  4 rats (D:1)
50 creatures vanquished.

Notes
Turn   | Place    | Note
-------+----------+-------------------------------------------
     0 | D:1      | Peloso the Halfling Fighter began the quest for the Orb.
     0 | D:1      | Reached XP level 1. HP: 15/15 MP: 1/1
   117 | D:1      | Reached XP level 2. HP: 20/20 MP: 2/2
   388 | D:1      | Reached XP level 3. HP: 14/25 MP: 3/3
   914 | D:2      | Found a hide-covered altar of Uskayaw.
   966 | D:2      | Found a stormy altar of Qazlal.
   966 | D:2      | Noticed an air elemental
   968 | D:2      | Noticed a fire elemental
   969 | D:2      | Noticed a water elemental
   969 | D:2      | Noticed an earth elemental
  1355 | D:2      | Reached XP level 4. HP: 30/30 MP: 4/4
  1387 | D:2      | Noticed Robin
  1405 | D:2      | Killed Robin
  1406 | D:2      | HP: 1/31 [hobgoblin/club[Robin] (5)]
  1411 | D:2      | Slain by a hobgoblin

Skill      XL: |  1  2  3  4 |
---------------+-------------+-----
Long Blades    | 3 |  3.4
Fighting       | 3 |  3.0
Armour         | |  3.7
Dodging        | |  0.4
Shields        | |  3.5

Action                   |  1- 3 |  4- 6 || total
-------------------------+-------+-------++-------
Melee: Long sword        |   115 |    30 ||   145
  Eat: Chunk             |     1 |       ||     1
Armor: Scale mail        |    66 |     9 ||    75
Dodge: Dodged            |    45 |    10 ||    55
Block: Shield            |    98 |    19 ||   117
       Rpst.: Long sword |    11 |     3 ||    14
